 Dungeon Crawl Stone Soup version 0.27.1-1-g398f81649c (webtiles) character file.

Game seed: 11835434437924716758

51 zdrol the Shield-Bearer (level 3, -1/33 HPs)
             Began as a Minotaur Fighter on Sept 8, 2021.
             Was a Follower of the Shining One.
             Slain by a gnoll (3 damage)
             ... on level 2 of the Dungeon.
             The game lasted 00:04:18 (1417 turns).

zdrol the Shield-Bearer (Minotaur Fighter)          Turns: 1417, Time: 00:04:19

Health: -1/33      AC: 10    Str: 21    XL:     3   Next: 57%
Magic:  2/2        EV:  3    Int:  5    God:    the Shining One [*.....]
Gold:   68         SH:  0    Dex:  9    Spells: 2/2 levels left

rFire    . . .     SeeInvis .   a - +0 long sword
rCold    . . .     Faith    .   c - +0 kite shield
rNeg     . . .     Spirit   .   g - +0 chain mail
rPois    .         Reflect  .   (helmet restricted)
rElec    .         Harm     .   i - +0 cloak
rCorr    .         Rampage  .   (no gloves)
Will     .....                  (no boots)
Stlth    ..........             (no amulet)
HPRegen  0.11/turn              (no ring)
MPRegen  0.08/turn              (no ring)

@: held, glowing
A: horns 2, retaliatory headbutt
a: Renounce Religion


You were on level 2 of the Dungeon.
You worshipped the Shining One.
The Shining One was aware of your devotion.
You visited 1 branch of the dungeon, and saw 2 of its levels.

You collected 68 gold pieces.

Inventory:

Hand Weapons
 a - a +0 long sword (weapon)
Armour
 c - a +0 kite shield (worn)
 g - a +0 chain mail (worn)
 i - a +0 cloak (worn)
Scrolls
 e - 2 scrolls of blinking
 j - 2 scrolls of identify
Potions
 b - a potion of heal wounds {unknown}
 d - a potion of might
 f - a potion of degeneration {unknown}
 h - a potion of lignification {unknown}
 k - a potion of brilliance {unknown}


   Skills:
 + Level 4.1 Fighting
 + Level 3.0 Long Blades
 + Level 4.1 Armour
 + Level 4.5 Shields


You had 2 spell levels left.
You didn't know any spells.
Your spell library was empty.

Dungeon Overview and Level Annotations

Branches:
Dungeon (2/15)

Altars:
Fedhas
The Shining One


Innate Abilities, Weirdness & Mutations

You have a pair of horns on your head.
You reflexively headbutt those who attack you in melee.


Message History

a +0 flail; a gnoll corpse You hit the gnoll.
The gnoll is heavily wounded.
The gnoll barely misses you. You block the gnoll's attack. x2
The gnoll hits you with a +0 spear. The gnoll barely misses you.
The gnoll closely misses you.
Okay, then.
The gnoll hits you but does no damage.
Throw: throwing net
Press: ? - help, Q - select action Shift-Dir - straight line, f - gnoll
Aim: a gnoll, wielding a +0 spear (heavily wounded, 60% to hit)
You throw a throwing net.
The throwing net barely misses the gnoll.
The gnoll barely misses you. The gnoll hits you with a +0 spear.
The gnoll hits you but does no damage. You block the gnoll's attack.
You hit the gnoll.
The gnoll is heavily wounded.
The gnoll barely misses you.
You riposte.
You hit the gnoll.
The gnoll is almost dead.
You block the gnoll's attack.
The gnoll hits you from afar with a +0 spear.
* * * LOW HITPOINT WARNING * * *
The gnoll hits you but does no damage. You block the gnoll's attack.
You hit the gnoll.
You kill the gnoll!
The gnoll throws a throwing net.
The throwing net hits you.
You become entangled in the net!
The gnoll hits you from afar with a +0 halberd.
* * * LOW HITPOINT WARNING * * *
The gnoll barely misses you.
Your Long Blades skill increases to level 3!
You tear a large gash into the net.
The gnoll hits you from afar with a +0 halberd.
* * * LOW HITPOINT WARNING * * *
The gnoll hits you from afar with a +0 spear.
* * * LOW HITPOINT WARNING * * *
You struggle against the net.
The gnoll hits you from afar with a +0 halberd.
You die...

..#.###..........########
..#.# ###.#.#.#..........
..#.# ##...##.#########
....# #.# #.#
#.#########.###.##
.................# ...##
##.#####.# ##### #.<#
#.###..>$ #.†#
#@##...#### #..#
#)##.#....# #..# #gg)g$.#
...# #####.## ##.# .# #.#
## #.#


You could see 2 gnolls.

Vanquished Creatures
  2 gnolls (D:2)
  A bat (D:1)
  3 endoplasms
  A giant cockroach (D:1)
  3 goblins (D:1)
  2 hobgoblins (D:1)
  2 jackals (D:1)
  A quokka (D:1)
  4 ball pythons (D:1)
  A frilled lizard (D:1)
  4 kobolds (D:1)
  6 rats
30 creatures vanquished.

Notes
Turn   | Place    | Note
-------+----------+-------------------------------------------
     0 | D:1      | zdrol the Minotaur Fighter began the quest for the Orb.
     0 | D:1      | Reached XP level 1. HP: 19/19 MP: 0/0
   270 | D:1      | Reached XP level 2. HP: 27/27 MP: 1/1
   882 | D:1      | Found a faded altar of an unknown god.
   895 | D:1      | Became a worshipper of the Shining One
   895 | D:1      | Reached * piety under the Shining One
   945 | D:1      | Reached XP level 3. HP: 31/33 MP: 2/2
  1331 | D:2      | Found a blossoming altar of Fedhas.
  1416 | D:2      | HP: 1/33 [gnoll (4)]
  1417 | D:2      | Slain by a gnoll

Illustrated notes

Levels and vault maps discovered:
D:1:      erik_arrival_cave_to_civilisation [erik_arrival_cave_to_temple],
          layout_basic, chequers_ecumenical_altar_simple,
          minmay_misc_feat_four_crosses, minmay_pentomino_p4
D:2:      layout_loops_ring, basic_altar, uniq_crazy_yiuf_cottage

Skill      XL: |  1  2  3 |
---------------+----------+-----
Shields        | 4 |  4.5
Fighting       | 4 |  4.1
Armour         | 4 |  4.1
Long Blades    | 3 |  3.0

Action                   || total
-------------------------++-------
Melee: Long sword        ||    72
       Headbutt          ||     8
Throw: Throwing net      ||     1
  Use: Scroll            ||     2
Armor: Scale mail        ||    11
       Chain mail        ||    41
Dodge: Dodged            ||    22
Block: Kite shield       ||    46
       Rpst.: Long sword ||     7
